 Dungeon Crawl Stone Soup version 0.31-a0-844-gdc52ec4e09 (webtiles) character file.

Game seed: 17925121561542194091

147 randomguy2701 the Protected (level 5, -1/43 HPs)
             Began as a Gnoll Wanderer on Sept 29, 2023.
             Slain by a black bear (5 damage)
             ... on level 4 of the Dungeon.
             The game lasted 00:02:13 (2224 turns).

randomguy2701 the Protected (Gnoll Wanderer)        Turns: 2224, Time: 00:02:14

Health: -1/43      AC: 11    Str: 11    XL:     5   Next: 29%
Magic:  7/7        EV:  9    Int: 12    God:
Gold:   124        SH:  0    Dex: 13    Spells: 6/6 levels left

rFire   x . .        a - +0 falchion
rCold   + . .        (no shield)
rNeg    . . .        b - +2 scale mail
rPois   .            m - +0 helmet
rElec   .            (no cloak)
rCorr   .            (no gloves)
SInv    .            (no boots)
Will    .....        (no amulet)
Stlth   +            g - ring of ice
HPRegen 0.27/turn    h - ring of flight
MPRegen 0.10/turn

%: no passive effects
@: flying
A: fangs 1, strong nose, distributed training
a: no special abilities


You were on level 4 of the Dungeon.
You visited 1 branch of the dungeon, and saw 4 of its levels.

You collected 124 gold pieces.

Inventory:

Hand Weapons
 a - a +0 falchion (weapon)
Armour
 b - a +2 scale mail (worn)
 m - a +0 helmet (worn)
Jewellery
 g - a ring of ice (left hand)
 h - a ring of flight (right hand)
 n - a +6 ring of strength
Scrolls
 c - 3 scrolls of vulnerability
 f - 5 scrolls of identify {unknown}
 j - a scroll of enchant armour {unknown}
 q - a scroll of revelation {unknown}
Potions
 d - 4 potions of heal wounds
 e - 3 potions of curing {unknown}
 i - a potion of haste {unknown}
 k - 2 potions of degeneration {unknown}
 l - a potion of lignification {unknown}
 o - a potion of magic {unknown}
 p - a potion of brilliance {unknown}


   Skills:
 + Level 4.8 Fighting
 + Level 1.4 Short Blades
 + Level 3.0 Long Blades
 + Level 1.4 Axes
 + Level 1.4 Maces & Flails
 + Level 1.4 Polearms
 + Level 1.4 Staves
 + Level 1.4 Ranged Weapons
 + Level 1.4 Throwing
 + Level 8.6 Armour
 + Level 1.4 Dodging
 + Level 4.4 Stealth
 + Level 1.4 Shields
 + Level 1.4 Unarmed Combat
 + Level 1.4 Spellcasting
 + Level 1.1 Conjurations
 + Level 1.1 Hexes
 + Level 1.1 Summonings
 + Level 1.1 Necromancy
 + Level 1.1 Translocations
 + Level 1.1 Transmutations
 + Level 1.1 Fire Magic
 + Level 1.1 Ice Magic
 + Level 1.1 Air Magic
 + Level 1.1 Earth Magic
 + Level 1.1 Poison Magic
 + Level 1.6 Invocations
 + Level 3.0 Evocations
 + Level 1.3 Shapeshifting


You had 6 spell levels left.
You didn't know any spells.
Your spell library contained the following spells:

 Spells                   Type           Power      Damage    Failure   Level
 Summon Small Mammal      Summ           12%        N/A       61%         1
 Static Discharge         Conj/Air       6%         2-3/arc   75%         2
 Call Canine Familiar     Summ           3%         N/A       93%         3
 Hailstorm                Conj/Ice       5%         3d4       93%         3
 Summon Guardian Golem    Hex/Summ       3%         N/A       93%         3
 Airstrike                Air            1%         2d(1-17)  100%        4
 Summon Ice Beast         Ice/Summ       5%         N/A       100%        4
 Summon Lightning Spire   Summ/Air       3%         N/A       100%        4
 Simulacrum               Ice/Necr       2%         N/A       100%        6


Dungeon Overview and Level Annotations

Branches:
Dungeon (3/15)

Altars:
Kikubaaqudgha

Annotations:
D:3 1 runed translucent door, superbruh's ghost, amateur MfSh


Innate Abilities, Weirdness & Mutations

You have very sharp teeth.
Your uncanny sense of smell can sniff out nearby items.
Your experience applies equally to all skills.


Message History

You are too injured to fight recklessly!
You are too injured to fight recklessly!
You are too injured to fight recklessly!
You are too injured to fight recklessly!
You are too injured to fight recklessly!
You are too injured to fight recklessly!
You are too injured to fight recklessly!
You are too injured to fight recklessly!
You are too injured to fight recklessly!
You are too injured to fight recklessly!
You are too injured to fight recklessly!
You are too injured to fight recklessly!
Unknown command.
You hit the black bear.
You bite the black bear, but do no damage.
The black bear is heavily wounded.
The black bear bites you!
* * * LOW HITPOINT WARNING * * *
The black bear claws you.
* * * LOW HITPOINT WARNING * * *
The black bear claws you but does no damage.
You closely miss the black bear.
You bite the black bear, but do no damage.
The black bear is heavily wounded.
The black bear misses you.
The black bear claws you but does no damage.
The black bear barely misses you.
Unknown command.
You hit the black bear.
The black bear is severely wounded.
The black bear bites you but does no damage.
The black bear claws you but does no damage. x2
Unknown command.
You hit the black bear but do no damage.
You bite the black bear, but do no damage.
The black bear is severely wounded.
The black bear goes berserk!
The black bear bites you.
* * * LOW HITPOINT WARNING * * *
The black bear claws you.
You die...

#...######..#
#.....#...###.##..#
#...).#...........#
#.....#...........#
####.....#...........#
.........#....##.....#
.........#######.....#
.......h.#........)..#
.[.....@.#...........#
......†..##'##########
####...............
#............... ∆
#...............
#...............
#.....#####+##..
#.....+ . #.....#


You could see a black bear (berserk).

Vanquished Creatures
  An orc wizard (D:3)
  A gnoll (D:1)
  5 adders
  2 worms (D:2)
  4 orcs (D:3)
  6 bats
  7 endoplasms
  2 giant cockroaches (D:1)
  5 goblins
  2 hobgoblins (D:1)
  4 jackals (D:2)
  4 kobolds
  4 quokkas (D:1)
  4 ball pythons
  4 frilled lizards
  A rat (D:3)
56 creatures vanquished.

Notes
Turn   | Place    | Note
-------+----------+-------------------------------------------
     0 | D:1      | randomguy2701 the Gnoll Wanderer began the quest for the
                  | Orb.
     0 | D:1      | randomguy2701 set off with the following items: a +0
                  | falchion, a +2 scale mail, a scroll of vulnerability, a
                  | potion of heal wounds.
     0 | D:1      | Reached XP level 1. HP: 20/20 MP: 1/1
    91 | D:1      | Reached XP level 2. HP: 26/26 MP: 2/2
   495 | D:1      | Reached XP level 3. HP: 31/31 MP: 3/3
   568 | D:1      | Reached skill level 1 in Invocations
   976 | D:2      | Reached skill level 1 in Short Blades
   976 | D:2      | Reached skill level 1 in Axes
   976 | D:2      | Reached skill level 1 in Maces & Flails
   976 | D:2      | Reached skill level 1 in Polearms
   976 | D:2      | Reached skill level 1 in Staves
   976 | D:2      | Reached skill level 1 in Ranged Weapons
   976 | D:2      | Reached skill level 1 in Throwing
   976 | D:2      | Reached skill level 1 in Dodging
   976 | D:2      | Reached skill level 1 in Shields
   976 | D:2      | Reached skill level 1 in Unarmed Combat
   976 | D:2      | Reached skill level 1 in Spellcasting
  1047 | D:2      | Reached XP level 4. HP: 38/38 MP: 5/5
  1195 | D:2      | Reached skill level 1 in Shapeshifting
  1420 | D:2      | Reached skill level 1 in Conjurations
  1420 | D:2      | Reached skill level 1 in Hexes
  1420 | D:2      | Reached skill level 1 in Summonings
  1420 | D:2      | Reached skill level 1 in Necromancy
  1420 | D:2      | Reached skill level 1 in Translocations
  1420 | D:2      | Reached skill level 1 in Transmutations
  1420 | D:2      | Reached skill level 1 in Fire Magic
  1420 | D:2      | Reached skill level 1 in Ice Magic
  1420 | D:2      | Reached skill level 1 in Air Magic
  1420 | D:2      | Reached skill level 1 in Earth Magic
  1420 | D:2      | Reached skill level 1 in Poison Magic
  1722 | D:3      | Found a runed translucent door.
  1725 | D:3      | Noticed superbruh's ghost (amateur MfSh)
  1849 | D:3      | Reached XP level 5. HP: 35/43 MP: 5/7
  2084 | D:3      | Found an ancient bone altar of Kikubaaqudgha.
  2159 | D:3      | You are sucked into a shaft and drop 1 floor!
  2199 | D:4      | Noticed a black bear
  2224 | D:4      | Slain by a black bear

Illustrated notes

Levels and vault maps discovered:
D:1:      dpeg_arrival_arbitrary_a, layout_basic, grunt_decor_clamped,
          minmay_pentomino_z4
D:2:      layout_basic
D:3:      layout_basic, nicolae_kikubaaqudgha_miasma_corner,
          hellmonk_ghost_happy_afterlife
D:4:      layout_gridville, ashenzari_altar_1, uniq_sigmund

Skill      XL: |  1  2  3  4  5 |
---------------+----------------+-----
Invocations    | 1 |  1.6
Short Blades   | 1 |  1.4
Axes           | 1 |  1.4
Maces & Flails | 1 |  1.4
Polearms       | 1 |  1.4
Staves         | 1 |  1.4
Ranged Weapons | 1 |  1.4
Throwing       | 1 |  1.4
Dodging        | 1 |  1.4
Shields        | 1 |  1.4
Unarmed Combat | 1 |  1.4
Spellcasting   | 1 |  1.4
Shapeshifting  | 1 |  1.3
Conjurations   | 1 |  1.1
Hexes          | 1 |  1.1
Summonings     | 1 |  1.1
Necromancy     | 1 |  1.1
Translocations | 1 |  1.1
Transmutations | 1 |  1.1
Fire Magic     | 1 |  1.1
Ice Magic      | 1 |  1.1
Air Magic      | 1 |  1.1
Earth Magic    | 1 |  1.1
Poison Magic   | 1 |  1.1
Long Blades    | 3 |  3.0
Evocations     | 3 |  3.0
Fighting       | |  4.8
Armour         | |  8.6
Stealth        | |  4.4

Action                     |  1- 3 |  4- 6 || total
---------------------------+-------+-------++-------
  Melee: Falchion          |   129 |   137 ||   266
         Bite              |    15 |    15 ||    30
         Punch             |     1 |     3 ||     4
   Stab: Sleeping          |     4 |       ||     4
 Armour: Scale mail        |   105 |   199 ||   304
  Dodge: Dodged            |    77 |   111 ||   188

Table legend: (Time is in decaauts)
 A = Elapsed time spent in this place.
 B = Non-inter-level travel time spent in this place.
 C = Inter-level travel time spent in this place.
 D = Time resting spent in this place.
 E = Time spent auto-exploring this place.
 F = Levels seen in this place.
 G = Mean time per level.
                   A        B        C        D        E       F      G
               +--------+--------+--------+--------+--------+-----+--------+
         Total |   2266 |   2201 |     65 |      0 |   1712 |   4 |  566.5 |
       Dungeon |   2266 |   2201 |     65 |      0 |   1712 |   4 |  566.5 |
               +--------+--------+--------+--------+--------+-----+--------+

Top non-repeatable levels by time:
     D:1: 925 daAuts
     D:2: 788 daAuts
     D:3: 485 daAuts
     D:4: 67 daAuts
